AoeStats
← Tunga

Enclosed

505842062Analyzed
1v1 RM · 22d ago on Sep 11, 2026· 69m 32s· 2 players
Game mode
Random Map
Map size
Tiny (2 player)
Population
200
Speed
Normal
Resources
Standard
Victory
Conquest
Starting age
Dark Age
Ending age
Imperial Age
RankedLock teamsTeams togetherTeam positionsShared explorationLock speedFull tech treeHidden civsTurbo modeCheats
Victory
Defeat
🇬🇧 Italians · United Kingdom
787
+15
🇹🇷 Cumans · Türkiye
764
-15
Tunga
12:40 Feudal Age
10:56 Loom
12:58 Man-at-Arms
14:19 Wheelbarrow
16:09 Bloodlines
17:02 Horse Collar
23:26 Castle Age
23:40 Scale Barding Armor
25:20 Chain Barding Armor
25:10 Forging
26:40 Hand Cart
28:18 Elite Skirmisher
29:54 Padded Archer Armor
29:44 Fletching
31:56 Steppe Husbandry
39:52 Imperial Age
37:45 Gold Mining
37:46 Stone Mining
40:45 Elite Kipchak
42:31 Leather Archer Armor
42:11 Bodkin Arrow
42:54 Iron Casting
42:33 Cavalier
54:01 Paladin
62:37 Crossbowman
63:23 Thumb Ring
69:07 Ballistics
Trailstar320
11:57 Feudal Age
11:35 Loom
12:37 Horse Collar
12:46 Double-Bit Axe
14:25 Fletching
16:24 Padded Archer Armor
20:26 Castle Age
20:01 Forging
21:22 Pikeman
23:52 Scale Mail Armor
25:12 Crossbowman
28:46 Town Watch
32:45 Bow Saw
32:40 Heavy Plow
33:19 Thumb Ring
33:40 Stone Mining
33:41 Gold Mining
34:46 Wheelbarrow
36:20 Hand Cart
36:41 Bodkin Arrow
37:02 Leather Archer Armor
37:03 Chain Mail Armor
37:14 Ballistics
37:29 Squires
38:56 Iron Casting
38:11 Arson
41:56 Imperial Age
41:43 Light Cavalry
42:37 Bloodlines
42:38 Scale Barding Armor
42:59 Conscription
42:51 Husbandry
43:33 Town Patrol
43:50 Hussar
45:23 Arrowslits
47:20 Chemistry
47:18 Elite Genoese Crossbowman
49:21 Two-Man Saw
49:23 Cavalier
57:53 Masonry
57:39 Murder Holes
60:23 Bombard Tower
60:08 Elite Skirmisher
60:09 Arbalester
61:51 Blast Furnace
61:22 Plate Mail Armor
61:13 Chain Barding Armor
61:24 Ring Archer Armor
62:46 Man-at-Arms
64:14 Bracer
68:40 Stone Shaft Mining
68:38 Architecture
67:48 Treadmill Crane
Connection lost

Rejoining the realm…

Still unreachable

The connection could not be restored.

Session expired

The server has moved on; the page needs a fresh start.